 Dungeon Crawl Stone Soup version 0.27-a0-1065-ge809cff456 (webtiles) character file.

Game seed: 9401730386738351116

27 voltaire321 the Ruffian (level 2, -1/24 HPs)
             Began as a Draconian Transmuter on Apr 23, 2021.
             Slain by an adder (2 damage)
             ... on level 2 of the Dungeon.
             The game lasted 00:03:50 (1839 turns).

voltaire321 the Ruffian (Draconian Transmuter)      Turns: 1839, Time: 00:03:51

Health: -1/24      AC:  5    Str: 12    XL:     2   Next: 93%
Magic:  5/5        EV: 12    Int: 13    God:
Gold:   112        SH:  0    Dex: 11    Spells: 2/5 levels left

rFire    . . .     SeeInvis .     - Unarmed
rCold    . . .     Faith    .   (no shield)
rNeg     . . .     Spirit   .   (armour unavailable)
rPois    .         Reflect  .   (helmet currently unavailable)
rElec    .         Harm     .   e - +0 cloak
rCorr    .         Rampage  .   (no gloves)
Will     .....                  (boots currently unavailable)
Stlth    +.........             (no amulet)
HPRegen  0.08/turn              (no ring)
MPRegen  0.09/turn              (no ring)

@: lethally poisoned (-1 -> -4), appendages (expiring)
A: horns 2, talons 2, AC +4, unfitting armour, cold-blooded
a: End Transformation


You were on level 2 of the Dungeon.
You had temporarily grown beastly horns and talons.
You visited 1 branch of the dungeon, and saw 2 of its levels.

You collected 112 gold pieces.

Inventory:

Missiles
 a - 40 poisoned darts
 d - 4 boomerangs
Armour
 e - a +0 cloak (worn)
Scrolls
 b - a scroll of amnesia {unknown}
 f - a scroll of enchant armour {unknown}


   Skills:
 + Level 1.7 Fighting
 + Level 2.1 Dodging
 + Level 3.2 Unarmed Combat
 + Level 2.2 Spellcasting
 + Level 2.3 Transmutations


You had 2 spell levels left.
You knew the following spells:

 Your Spells              Type           Power      Damage    Failure   Level
a - Beastly Appendage     Tmut           14%        N/A       10%         1
b - Wereblood             Tmut           7%         N/A       14%         2

Your spell library contained the following spells:

 Spells                   Type           Power      Damage    Failure   Level
 Spider Form              Tmut/Pois      2%         N/A       43%         3
 Ice Form                 Ice/Tmut       4%         N/A       83%         4
 Hydra Form               Tmut           3%         N/A       95%         5


Dungeon Overview and Level Annotations

Branches:
Dungeon (2/15)

Altars:


Innate Abilities, Weirdness & Mutations

You have temporarily grown beastly horns and talons.
Your plain brown scales are hard. (AC +4)
You cannot fit into any form of body armour.
You are cold-blooded and may be slowed by cold attacks.


Message History

Your magical contamination has completely faded away.
You feel sick. The adder closely misses you. x2
You feel sick.
You are no longer poisoned.
The adder closely misses you. The adder barely misses you.
The adder closely misses you. The adder closely misses you.
The adder bites you.
You are poisoned.
The adder poisons you!
You feel sick.
Casting: Beastly Appendage (safe; 10% risk of failure)
Confirm with . or Enter, or press ? or * to list all spells.
You grow a pair of large bovine horns.
Your feet morph into talons.
You feel sick. The adder bites you but does no damage.
You hit the adder but do no damage. Your headbutt misses the adder.
You feel sick. The adder barely misses you.
You hit the adder but do no damage. You tail-slap the adder.
The adder is lightly wounded.
The adder bites you.
* * * LOW HITPOINT WARNING * * *
You are lethally poisoned!
The adder poisons you! The adder closely misses you.
You barely miss the adder.
The adder is lightly wounded.
* * * LOW HITPOINT WARNING * * *
You feel sick. The adder barely misses you.
You closely miss the adder. Your headbutt misses the adder.
The adder is lightly wounded.
* * * LOW HITPOINT WARNING * * *
You feel sick. The adder completely misses you.
It was a potion of magic.
Magic courses through your body.
* * * LOW HITPOINT WARNING * * *
You feel sick. The adder barely misses you.
You hit the adder. You headbutt the adder.
The adder is severely wounded.
Your transformation is almost over.
* * * LOW HITPOINT WARNING * * *
You feel sick. The adder bites you.
You die...

.......>....†......#
...................#
.........#.........#
...................#
..........######..##
........#.## ##..#
.....####..# ##.########
.....#
##.#######......... .
####....gS@..########
..# ?...#♣≈g♣♣≈♣♣ ....
#≈♣≈♣≈♣≈♣≈P≈♣≈≈≈
(..>P♣P♣≈≈≈♣P≈P≈≈PPP≈♣
...♣♣≈P≈≈≈≈≈≈≈≈≈≈≈≈P≈≈≈♣
♣≈≈≈≈≈P≈≈≈≈≈≈≈≈≈♣≈P♣≈≈
♣≈P≈≈≈P≈≈≈≈≈≈≈≈≈≈≈≈♣P≈
♣≈≈P♣≈≈≈≈≈≈≈≈≈≈≈≈≈≈≈≈ ≈♣
♣≈♣≈≈≈≈≈≈≈≈≈≈≈≈≈≈≈≈≈PP


P You could see an adder and 2 goblins.

Vanquished Creatures
  A worm (D:2)
  2 endoplasms (D:1)
  2 giant cockroaches
  A goblin (D:1)
  A hobgoblin (D:1)
  A jackal (D:2)
  A quokka (D:1)
  5 ball pythons
  A bat (D:2)
  4 kobolds
  3 rats (D:2)
22 creatures vanquished.

Vanquished Creatures (others)
  A plant (D:2)
1 creature vanquished.

Grand Total: 23 creatures vanquished

Notes
Turn   | Place    | Note
-------+----------+-------------------------------------------
     0 | D:1      | voltaire321 the Draconian Transmuter began the quest for
                  | the Orb.
     0 | D:1      | Reached XP level 1. HP: 16/16 MP: 3/3
   588 | D:1      | Reached XP level 2. HP: 23/23 MP: 3/5
   751 | D:1      | Learned a level 2 spell: Wereblood
   894 | D:1      | Found a faded altar of an unknown god.
  1839 | D:2      | HP: 1/24 [poisoned by an adder]
  1839 | D:2      | Slain by an adder

Illustrated notes

Levels and vault maps discovered:
D:1:      moated_graveyard_arrival, layout_loops_corners,
          ebering_ecumenical_altar_ruins, hangedman_feature_mirror,
          item_on_display_a
D:2:      minmay_razor_zed, layout_rooms, serial_bayou_lake_a

Skill      XL: |  1  2 |
---------------+-------+-----
Dodging        | 2 |  2.1
Fighting       | |  1.7
Unarmed Combat | |  3.2
Spellcasting   | |  2.2
Transmutations | |  2.3

Action                   || total
-------------------------++-------
Melee: Unarmed           ||    72
       Kick              ||    13
       Headbutt          ||     7
       Tailslap          ||     6
 Cast: Beastly Appendage ||    16
  Use: Potion            ||     1
Armor: Skin              ||    17
Dodge: Dodged            ||    41

Table legend: (Time is in decaauts)
 A = Elapsed time spent in this place.
 B = Non-inter-level travel time spent in this place.
 C = Inter-level travel time spent in this place.
 D = Time resting spent in this place.
 E = Time spent auto-exploring this place.
 F = Levels seen in this place.
 G = Mean time per level.
                   A        B        C        D        E       F      G
               +--------+--------+--------+--------+--------+-----+--------+
         Total |   1846 |   1846 |      0 |    253 |   1350 |   2 |  923.0 |
       Dungeon |   1846 |   1846 |      0 |    253 |   1350 |   2 |  923.0 |
               +--------+--------+--------+--------+--------+-----+--------+

Top non-repeatable levels by time:
     D:1: 1297 daAuts
     D:2: 549 daAuts
